Map: Blackburn LE

Players

MaxPax - Winner!

  • Race: Protoss Protoss

MarineLorD

  • Race: Terran Terran
  • League: Master

Event: DreamHack SC2 Masters 2021 Fall

VOD

Have the link to the VOD?

Description

Time

  • Played on: Aug. 14, 2021, 10:04 a.m.
  • Length: 7:15

All games in this series

Show
View Real Time Build Order
Export as new Build Order

MaxPax Protoss - Winner!

Build Orders: Blink Stalkers 

Get SALT Encoding   

  12  0:00  Probe  
  13  0:12  Probe  
  14  0:17  Pylon  
  14  0:24  Probe (Chrono Boost)  
  15  0:36  Probe (Chrono Boost)  
  15  0:38  Gateway  
  16  0:45  Probe (Chrono Boost)  
  16  0:48  Assimilator  
  17  0:50  Probe  
  18  1:03  Probe  
  19  1:15  Probe  
  20  1:25  Cybernetics Core  
  20  1:38  Probe  
  21  1:40  Pylon  
  21  1:42  Pylon  
  23  1:52  Probe  
  23  1:53  Nexus  
  22  1:59  Assimilator  
  22  2:01  Adept (Chrono Boost)  
  22  2:07  Probe  
  25  2:10  Warp Gate  
  25  2:19  Probe  
  26  2:26  Adept  
  28  2:34  Twilight Council  
  28  2:35  Probe (Chrono Boost)  
  29  2:42  Probe (Chrono Boost)  
  30  2:49  Probe  
  31  2:53  Gateway  
  33  3:05  Probe (Chrono Boost)  
  33  3:07  Blink (Chrono Boost)  
  33  3:10  Probe (Chrono Boost)  
  33  3:15  Probe (Chrono Boost)  
  33  3:18  Probe (Chrono Boost)  
  35  3:20  Probe (Chrono Boost)  
  35  3:25  Robotics Facility  
  36  3:29  Probe  
  36  3:32  Probe  
  38  3:39  Gateway  
  38  3:41  Probe  
  39  3:44  Gateway  
  39  3:45  Probe  
  40  3:55  Probe  
  41  3:56  Pylon  
  41  3:59  Probe  
  41  4:00  Stalker  
  41  4:02  Stalker  
  46  4:14  Probe  
  46  4:16  Shield Battery, Observer (Chrono Boost)  
  48  4:19  Shield Battery, Probe  
  48  4:23  Stalker  
  51  4:26  Probe  
  51  4:28  Assimilator  
  50  4:31  Probe  
  50  4:32  Stalker  
  53  4:39  Probe  
  53  4:44  Warp Prism (Chrono Boost)  
  51  4:49  Probe  
  54  4:57  Pylon  
  54  4:59  Pylon  
  54  5:00  Pylon  
  54  5:03  Assimilator  
  54  5:16  Pylon, Observer (Chrono Boost), Stalker x2  
  54  5:17  Stalker  
  54  5:18  Stalker  
  54  5:20  Probe  
  64  5:22  Probe  
  64  5:25  Pylon  
  65  5:41  Nexus  
  65  5:46  Probe x2  
  67  5:51  Robotics Bay  
  67  5:54  Forge  
  67  6:00  Probe  
  68  6:05  Probe  
  68  6:07  Stalker x3  
  68  6:09  Stalker  
  77  6:12  Probe  
  76  6:34  Stalker x4  
  76  6:35  Probe  
  75  6:42  Probe  
  82  6:48  Probe  
  81  7:01  Stalker x4  
  85  7:02  Probe x2  
Show
View Real Time Build Order
Export as new Build Order

MarineLorD Terran 

Build Orders:  

Get SALT Encoding   

  12  0:00  SCV  
  13  0:12  SCV  
  14  0:17  Supply Depot  
  14  0:24  SCV  
  15  0:38  SCV  
  15  0:39  Barracks  
  16  0:44  Refinery  
  16  0:50  SCV  
  17  1:03  SCV  
  18  1:15  SCV  
  19  1:27  Orbital Command  
  19  1:28  Barracks Reactor  
  19  1:44  Command Center  
  19  1:54  SCV  
  20  2:04  Marine x2, Supply Depot  
  20  2:06  SCV  
  23  2:17  Factory  
  23  2:26  Marine x2, SCV  
  26  2:36  Refinery  
  26  2:38  SCV  
  26  2:44  Marine x2  
  27  2:50  SCV  
  30  3:01  Starport  
  30  3:02  Factory Tech Lab  
  30  3:03  Orbital Command  
  30  3:05  SCV  
  31  3:07  Marine  
  31  3:11  Marine  
  33  3:17  SCV  
  34  3:27  Marine  
  34  3:28  Marine  
  34  3:29  SCV  
  34  3:30  SCV  
  34  3:32  Factory Tech Lab  
  38  3:35  Supply Depot  
  38  3:41  SCV  
  38  3:42  SCV  
  38  3:46  Banshee  
  43  3:53  Marine x2  
  43  3:55  SCV  
  46  3:58  Supply Depot  
  46  4:02  Siege Tank  
  49  4:05  SCV  
  49  4:07  SCV  
  51  4:10  Marine  
  51  4:11  Marine  
  52  4:17  SCV  
  52  4:19  SCV  
  52  4:24  Supply Depot  
  52  4:28  Marine x2  
  52  4:29  SCV  
  54  4:31  SCV  
  54  4:35  Liberator  
  56  4:39  Siege Tank  
  56  4:44  SCV  
  57  4:46  Marine x2, SCV  
  55  5:00  Command Center  
  55  5:04  Marine x2, SCV  
  58  5:07  SCV  
  58  5:10  Supply Depot  
  59  5:16  SCV  
  59  5:18  Raven  
  59  5:20  SCV  
  63  5:23  Marine x2  
  65  5:28  SCV  
  65  5:32  SCV  
  66  5:37  Siege Tank  
  66  5:38  Barracks  
  66  5:40  SCV, Barracks  
  70  5:44  Marine x2, SCV  
  70  5:52  SCV  
  70  5:56  SCV  
  70  6:02  Marine x2  
  71  6:04  SCV  
  71  6:08  SCV  
  73  6:15  Supply Depot  
  73  6:16  SCV, Orbital Command  
  73  6:17  Starport Reactor  
  74  6:18  Factory Tech Lab  
  74  6:20  SCV  
  74  6:21  Marine x2  
  72  6:29  SCV  
  72  6:32  SCV  
  68  6:38  Marine x3  
  68  6:39  Marine  
  65  6:41  SCV  
  65  6:42  SCV  
  65  6:44  SCV  
  63  6:53  SCV  
  61  6:54  SCV  
  61  6:56  Marine x3, SCV  

Tags
 
Add a new tag
Caveats
  • Supply blocks, unpowered buildings, or Contaminate may cause inaccurate times.
  • Supply counts are checked every 10 seconds.